 Dungeon Crawl Stone Soup version 0.18-a0-1778-gadce9fa (webtiles) character file.

11988 vortex the Destroyer (level 11, -11/64 HPs)
             Began as a Deep Elf Wizard on Apr 16, 2016.
             Was an Elder of Vehumet.
             Mangled by a four-headed hydra (15 damage)
             ... on level 2 of the Lair of Beasts.
             The game lasted 01:00:53 (15137 turns).

vortex the Destroyer (Deep Elf Wizard)             Turns: 15137, Time: 01:00:53

Health: -11/64     AC:  9    Str:  4    XL:     11   Next: 56%
Magic:  19/27      EV: 12    Int: 31    God:    Vehumet [****..]
Gold:   253        SH:  0    Dex: 13    Spells: 9 memorised, 5 levels left

rFire  . . .     SeeInvis .     G - +8 rapier "Beastslayer" {pierce, Stlth+}
rCold  + . .     Gourm    .     x - +1 robe of Chill Winds {rElec rPois}
rNeg   . . .     Faith    .     (no shield)
rPois  +         Spirit   .     F - +2 hat
rElec  +         Dismiss  .     N - +2 cloak
rCorr  +         Reflect  .     (no gloves)
SustAt .         Harm     .     H - +0 pair of boots of Sunlight {rC+ rCorr}
MR     +....                    (no amulet)
Stlth  +++.......               t - +2 ring of intelligence
                                s - ring of poison resistance

@: very slightly contaminated, repel missiles, somewhat resistant to hostile
enchantments, fairly stealthy
A: clever 1
a: Renounce Religion


You were on level 2 of the Lair of Beasts.
You worshipped Vehumet.
Vehumet was greatly pleased with you.
You were not hungry.

You visited 2 branches of the dungeon, and saw 13 of its levels.

You collected 492 gold pieces.
You spent 239 gold pieces at shops.

Inventory:

Hand Weapons
 k - a +1 blowgun
 G - the +8 rapier "Beastslayer" (weapon) {pierce, Stlth+}
   (You found it on level 5 of the Dungeon)

   It inflicts extra damage upon your enemies.
   It makes you more stealthy.
Missiles
 i - 21 poisoned needles
 o - 11 curare-tipped needles
 y - 9 tomahawks (quivered)
 E - 32 sling bullets
Armour
 b - a +2 leather armour of cold resistance
 x - the +1 robe of Chill Winds (worn) {rElec rPois}
   (You found it on level 7 of the Dungeon)

   It insulates you from electricity.
   It protects you from poison.
 z - a +2 robe of magic resistance
 A - a cursed +1 large shield
 F - a +2 hat (worn)
 H - the +0 pair of boots of Sunlight (worn) {rC+ rCorr}
   (You found it on level 6 of the Dungeon)

   It protects you from cold.
   It protects you from acid and corrosion.
 N - a +2 cloak (worn)
Jewellery
 s - a ring of poison resistance (left hand)
 t - a +2 ring of intelligence (right hand)
 I - an uncursed ring of ice
Wands
 n - a wand of iceblast (14/15)
 D - a wand of slowing (14/48)
 Q - a wand of iceblast (8/15)
Scrolls
 h - a scroll of identify
 l - a scroll of recharging
 q - 2 scrolls of amnesia
 L - a scroll of fog {unknown}
 M - a scroll of enchant weapon
 O - a scroll of remove curse
Potions
 e - a potion of agility
 g - a potion of haste
 j - 5 potions of flight
 m - 2 potions of might
 p - a potion of berserk rage {unknown}
 r - a potion of lignification
 u - 2 potions of heal wounds
 v - a potion of brilliance
 w - 2 potions of mutation
 C - 4 potions of curing
 K - a potion of magic {unknown}
 P - a potion of invisibility {unknown}
Books
 a - a book of Party Tricks

   Spells                             Type                      Level
   a - Summon Butterflies             Summoning                    1
   b - Apportation                    Translocation                1
   c - Tukima's Dance                 Hexes                        3
   d - Alistair's Intoxication        Transmutation/Poison         5
   e - Invisibility                   Hexes                        6
 c - a book of Minor Magic

   Spells                             Type                      Level
   a - Magic Dart                     Conjuration                  1
   b - Blink                          Translocation                2
   c - Call Imp                       Summoning                    2
   d - Repel Missiles                 Charms/Air                   2
   e - Slow                           Hexes                        2
   f - Conjure Flame                  Conjuration/Fire             3
   g - Mephitic Cloud                 Conjuration/Poison/Air       3
 B - a book of the Earth

   Spells                             Type                      Level
   a - Leda's Liquefaction            Hexes/Earth                  4
   b - Bolt of Magma                  Conjuration/Fire/Earth       5
   c - Statue Form                    Transmutation/Earth          6
   d - Iron Shot                      Conjuration/Earth            6
   e - Shatter                        Earth                        9
 J - a book of Air

   Spells                             Type                      Level
   a - Shock                          Conjuration/Air              1
   b - Swiftness                      Charms/Air                   2
   c - Repel Missiles                 Charms/Air                   2
   d - Static Discharge               Conjuration/Air              3
   e - Lightning Bolt                 Conjuration/Air              5
Comestibles
 d - 16 bread rations
 f - 8 meat rations


   Skills:
 + Level 5.8 Fighting
 - Level 2.4 Dodging
 - Level 2.4 Stealth
 - Level 4.2 Shields
 + Level 10.0 Spellcasting
 * Level 11.0 Conjurations
   Level 1.1 Summonings
 - Level 1.1 Translocations
 * Level 9.2 Fire Magic
 + Level 4.2 Ice Magic
 * Level 2.2 Earth Magic
 + Level 5.1 Evocations


You had 5 spell levels left.
You knew the following spells:

 Your Spells              Type           Power        Failure   Level  Hunger
a - Magic Dart            Conj           ####         1%          1    None
b - Conjure Flame         Conj/Fire      ######..     1%          3    None
c - Sticky Flame          Conj/Fire      ######..     1%          4    None
e - Throw Flame           Conj/Fire      ######       1%          2    None
i - Iron Shot             Conj/Erth      ######....   10%         6    #####..
m - Mephitic Cloud        Conj/Pois/Air  #####...     1%          3    None
t - Throw Frost           Conj/Ice       ######       1%          2    None
x - Blink                 Tloc           N/A          3%          2    None
y - Repel Missiles        Chrm/Air       ###...       6%          2    None


Dungeon Overview and Level Annotations

Branches:
Dungeon (11/15)            Temple (0/1) D:4            Lair (2/8) D:9
    Orc (0/2) D:9

Altars:
Ashenzari
Dithmenos
Fedhas
Kikubaaqudgha
Makhleb
Nemelex Xobeh
Okawaru
Pakellas
Qazlal
Ru
Sif Muna
Trog
Vehumet
Zin
The Shining One
Beogh

Shops:
D:5 *   D:7 ?


Innate Abilities, Weirdness & Mutations

Your mind is acute. (Int +2)


Message History

Confirm with . or Enter, or press ? or * to list all spells.
You blink.
The four-headed hydra is engulfed in roaring flames.
The four-headed hydra bites you!
* * * LOW HITPOINT WARNING * * *
The four-headed hydra barely misses you.
The four-headed hydra bites you.
* * * LOW HITPOINT WARNING * * *
The four-headed hydra closely misses you.
Found a stone staircase leading down.
Casting: Blink
Confirm with . or Enter, or press ? or * to list all spells.
You miscast Blink.
You are very lightly contaminated with residual magic.
You feel uncomfortable.
The four-headed hydra is engulfed in roaring flames.
The four-headed hydra misses you.
The four-headed hydra completely misses you.
The four-headed hydra bites you!
You die...

# #.
...###########..
....(..<.......
.......ยง.......
.#.#.#.#D#.#...%
.......@.......#
.#.#.#.#.#.#....
...........#..
#.#.#>#.#.#.. .
#.#..#.!.#..#P #
# .## ###


You could see a four-headed hydra.

Vanquished Creatures
  A hydra (Lair:1)
  2 hill giants
  A wolf spider zombie (D:8)
  A black mamba (Lair:1)
  A spiny frog (Lair:1)
  A two-headed ogre (D:9)
  4 blink frogs (Lair:1)
  Sigmund (D:4)
  A spriggan (D:7)
  10 yaks
  A basilisk (Lair:1)
  3 hippogriffs
  4 wargs (D:9)
  2 hell hounds (D:9)
  5 porcupines (Lair:1)
  3 water moccasins
  An orc warrior (D:7)
  2 ice beasts
  A black bear (D:11)
  A necrophage (D:7)
  A sky beast (D:9)
  6 phantoms
  4 centaurs
  5 ogres
  2 big kobolds
  The ghost of vortex the Magician, an amateur DEWz (D:3)
  7 giant frogs
  A water moccasin zombie (D:5)
  A scorpion (D:9)
  10 wights
  A howler monkey (D:5)
  3 crimson imps
  2 giant frog zombies
  2 centaur zombies
  A quasit (D:9)
  2 giant frog skeletons
  A jelly (D:5)
  7 hounds
  4 orc wizards
  9 orc priests
  6 iguanas
  A gnoll shaman (D:5)
  A centaur skeleton (D:5)
  6 worker ants
  4 sheep (Lair:1)
  2 hound skeletons
  A hound zombie (D:7)
  9 gnolls
  A howler monkey skeleton (D:4)
  15 adders
  2 shadow imps
  3 adder zombies
  2 adder skeletons
  5 worms
  3 dart slugs (D:1)
  5 giant geckos
  24 orcs
  2 bats
  5 giant cockroaches
  4 goblins (D:1)
  4 hobgoblins
  7 jackals
  13 kobolds
  2 quokkas
  A giant cockroach zombie (D:5)
  5 giant newts
  A jackal skeleton (D:4)
  A jackal zombie (D:6)
  8 rats
259 creatures vanquished.

Vanquished Creatures (others)
  A bat (D:1)
1 creature vanquished.

Grand Total: 260 creatures vanquished

Notes
Turn   | Place    | Note
--------------------------------------------------------------
     0 | D:1      | vortex the Deep Elf Wizard began the quest for the Orb.
     0 | D:1      | Reached XP level 1. HP: 10/10 MP: 7/7
   259 | D:1      | Found a sparkling altar of Nemelex Xobeh.
   279 | D:1      | Reached skill level 2 in Conjurations
   279 | D:1      | Reached XP level 2. HP: 15/15 MP: 7/9
   301 | D:1      | Learned a level 2 spell: Blink
   304 | D:1      | Learned a level 2 spell: Repel Missiles
   889 | D:1      | Reached XP level 3. HP: 20/20 MP: 9/11
   894 | D:1      | Learned a level 3 spell: Conjure Flame
   898 | D:1      | Learned a level 3 spell: Mephitic Cloud
  1089 | D:2      | Reached skill level 3 in Conjurations
  1120 | D:2      | Found an iron altar of Okawaru.
  1248 | D:2      | Found a stormy altar of Qazlal.
  1464 | D:2      | Noticed Sigmund
  1749 | D:3      | Noticed vortex's ghost (amateur DEWz)
  1784 | D:3      | Noticed a hippogriff
  1794 | D:3      | Killed a hippogriff
  1794 | D:3      | Reached skill level 1 in Fighting
  1794 | D:3      | Reached skill level 5 in Spellcasting
  1794 | D:3      | Reached skill level 4 in Conjurations
  1794 | D:3      | Reached skill level 1 in Fire Magic
  1794 | D:3      | Reached XP level 4. HP: 25/25 MP: 1/13
  1794 | D:3      | Reached XP level 5. HP: 29/29 MP: 1/14
  2041 | D:3      | Killed vortex's ghost
  2075 | D:3      | Reached XP level 6. HP: 30/35 MP: 7/16
  2422 | D:3      | Found a radiant altar of Vehumet.
  2423 | D:3      | Found a burning altar of Makhleb.
  2434 | D:3      | Became a worshipper of Vehumet
  2596 | D:3      | Found a roughly hewn altar of Beogh.
  2600 | D:3      | Reached skill level 5 in Conjurations
  2997 | D:4      | Killed Sigmund
  2997 | D:4      | Reached XP level 7. HP: 28/40 MP: 7/18
  3241 | D:4      | Found a staircase to the Ecumenical Temple.
  3627 | D:4      | Found a glowing silver altar of Zin.
  3659 | D:4      | Reached skill level 6 in Conjurations
  4590 | D:5      | Entered Level 5 of the Dungeon
  4911 | D:5      | Reached XP level 8. HP: 46/46 MP: 8/20
  5175 | D:5      | Reached * piety under Vehumet
  5175 | D:5      | Offered knowledge of Sting by Vehumet.
  5221 | D:5      | Reached skill level 1 in Shields
  5221 | D:5      | Reached skill level 7 in Conjurations
  5694 | D:5      | Found Zisenodd's Assorted Antiques.
  5767 | D:5      | Bought a small tourmaline ring for 110 gold pieces
  5767 | D:5      | Bought a short glass wand for 88 gold pieces
  5767 | D:5      | Bought a scroll labeled NOG ASTROSSE for 22 gold pieces
  5767 | D:5      | Bought a brown potion for 19 gold pieces
  5804 | D:5      | Got an ancient rapier
  5805 | D:5      | Identified the +8 rapier "Beastslayer" {pierce, Stlth+} (You found it on level 5 of the Dungeon)
  6114 | D:5      | Found a shadowy altar of Dithmenos.
  6255 | D:6      | Reached skill level 5 in Fire Magic
  6400 | D:6      | Reached skill level 8 in Conjurations
  6697 | D:6      | Reached XP level 9. HP: 52/52 MP: 17/22
  6970 | D:6      | Got a pair of slimy boots
  6981 | D:6      | Identified the +0 pair of boots of Sunlight {rC+ rCorr} (You found it on level 6 of the Dungeon)
  7092 | D:6      | Found a shattered altar of Ashenzari.
  7253 | D:7      | Found a sacrificial altar of Ru.
  7536 | D:7      | Gained mutation: Your mind is acute. (Int +2) [potion of beneficial mutation]
  7578 | D:7      | Offered knowledge of Throw Flame by Vehumet.
  7582 | D:7      | Learned a level 2 spell: Throw Flame
  7585 | D:7      | Reached ** piety under Vehumet
  7769 | D:7      | Reached skill level 1 in Evocations
  7935 | D:7      | Found a glowing golden altar of the Shining One.
  8172 | D:7      | Found Ewosobon's Magic Scroll Shop.
  8458 | D:7      | Got a fine robe
  8469 | D:7      | Identified the cursed +1 robe of Chill Winds {rElec rPois} (You found it on level 7 of the Dungeon)
  8757 | D:7      | Found an ancient bone altar of Kikubaaqudgha.
  8797 | D:7      | Noticed a moth of wrath
  8820 | D:7      | Found a bloodstained altar of Trog.
  8989 | D:8      | Reached skill level 9 in Conjurations
  8990 | D:8      | Found a blossoming altar of Fedhas.
  9261 | D:8      | Offered knowledge of Throw Frost by Vehumet.
  9265 | D:8      | Learned a level 2 spell: Throw Frost
  9749 | D:8      | You fall through a shaft for 3 floors!
  9749 | D:11     | Noticed a hill giant
  9760 | D:11     | Reached skill level 1 in Ice Magic
  9760 | D:11     | Reached XP level 10. HP: 57/58 MP: 20/24
  9766 | D:11     | Killed a hill giant
  9766 | D:11     | Reached skill level 5 in Fighting
  9980 | D:10     | Entered Level 10 of the Dungeon
  9991 | D:10     | Reached *** piety under Vehumet
 10433 | D:10     | Noticed a hill giant
 10444 | D:10     | Killed a hill giant
 10444 | D:10     | Reached skill level 10 in Conjurations
 10689 | D:9      | Offered knowledge of Sticky Flame by Vehumet.
 10695 | D:9      | Learned a level 4 spell: Sticky Flame
 11931 | D:9      | Found an oddly glowing altar of Pakellas.
 11965 | D:9      | Found a staircase to the Lair.
 11978 | D:9      | Reached XP level 11. HP: 45/64 MP: 10/26
 12321 | D:9      | Found a staircase to the Orcish Mines.
 12710 | D:9      | Reached **** piety under Vehumet
 13431 | D:9      | Found a deep blue altar of Sif Muna.
 13590 | Lair:1   | Entered Level 1 of the Lair of Beasts
 13881 | Lair:1   | Learned a level 6 spell: Iron Shot
 13983 | Lair:1   | Offered knowledge of Ignite Poison by Vehumet.
 14355 | Lair:1   | Reached skill level 1 in Earth Magic
 14726 | Lair:1   | Reached skill level 5 in Evocations
 14967 | Lair:1   | Noticed a five-headed hydra
 14977 | Lair:1   | Killed a five-headed hydra
 14977 | Lair:1   | Reached skill level 10 in Spellcasting
 14977 | Lair:1   | Reached skill level 11 in Conjurations
 15132 | Lair:2   | Noticed a four-headed hydra
 15137 | Lair:2   | Mangled by a four-headed hydra

Vault maps used:
D:1:      mrwooster_arrival_statue_2, nemelex_altar_shiori
D:2:      grunt_qazlal_sundering, okawaru_gym_becter, uniq_sigmund
D:3:      grunt_temple_overflow_lords_of_destruction, minivault_24,
          kennysheep_orc_chapel
D:4:      kennysheep_little_box, temple_fountains, first_bread
D:5:      grunt_dithmenos_shadows, serial_shops,
          nicolae_shop_competitors_out_of_business
D:6:      cheibrodos_ashenzari_chains
D:7:      nicolae_ru_awakened_eye, lemuel_coloured_pillars_altar,
          tso_metal_star, tgw_trog, serial_shops, shop,
          roderic_digamma_sauvastika, nrook_uturn, the_bakery
D:8:      old_standard_altar
D:9:      grunt_pakellas_salt, minmay_lair_entry_lava,
          minmay_orc_entry_guard_dogs, serial_bayou_pond_d, tgw_sif
D:11:     uniq_harold, uniq_urug
Lair:1:   st_stairs_11
Lair:2:   st_stairs_13, bh_chokoban

Skill      XL: |  1  2  3  4  5  6  7  8  9 10 11 |
---------------+----------------------------------+-----
Conjurations   | 2 4 5 6 8 9 10 11 | 11.0
Fighting       | 1 2 3 4 5 |  5.8
Spellcasting   | 5 6 7 8 9 10 | 10.0
Fire Magic     | 1 2 4 5 6 8 9 |  9.2
Shields        | 2 3 4 |  4.2
Evocations     | 2 4 5 |  5.1
Ice Magic      | 1 3 4 |  4.2
Earth Magic    | 2 |  2.2
Dodging        | |  2.4
Stealth        | |  2.4
Summonings     | |  1.1
Translocations | |  1.1

Action                   |  1- 3 |  4- 6 |  7- 9 | 10-12 || total
-------------------------+-------+-------+-------+-------++-------
Melee: Short sword       |    11 |       |     1 |       ||    12
       Rapier            |       |       |     2 |    21 ||    23
Throw: Tomahawk          |       |       |    16 |    17 ||    33
 Cast: Magic Dart        |    79 |    59 |   328 |    16 ||   482
       Mephitic Cloud    |     2 |     2 |    16 |    13 ||    33
       Conjure Flame     |     1 |       |    28 |    19 ||    48
       Repel Missiles    |       |     2 |     2 |       ||     4
       Throw Flame       |       |       |   101 |   261 ||   362
       Blink             |       |       |     2 |     1 ||     3
       Throw Frost       |       |       |       |    20 ||    20
       Sticky Flame      |       |       |       |     3 ||     3
Evoke: Wand              |       |       |       |     6 ||     6
  Use: Scroll            |       |       |    16 |     6 ||    22
       Potion            |       |       |     2 |       ||     2
  Eat: Chunk             |     2 |     4 |    17 |    11 ||    34
       Royal jelly       |       |       |     1 |       ||     1
       Fruit             |       |       |     2 |       ||     2
       Pizza             |       |       |       |     2 ||     2
       Meat ration       |       |       |       |     1 ||     1
Armor: Robe              |     3 |       |    21 |    16 ||    40
Dodge: Dodged            |     6 |     5 |    38 |    38 ||    87
       Deflected         |       |     1 |     4 |     2 ||     7
